 Dungeon Sprint DCSS version 0.16-a0-3781-g2316936 (console) character file.

144 Monkaria the Carver (level 5, -4/53 HPs)
             Began as a Hill Orc Fighter on Jan 25, 2015.
             Was an Initiate of Makhleb.
             Slain by an unseen horror (8 damage)
             ... in the Dungeon (Sprint IX: "|||||||||||||||||||||||||||||").
             The game lasted 00:01:17 (187 turns).

Monkaria the Carver (Hill Orc Fighter)               Turns: 187, Time: 00:01:17

Health: -4/53      AC: 10    Str: 25    XL:     5   Next: 26%
Magic:  5/5        EV:  8    Int:  8    God:    Makhleb [......]
Gold:   0          SH:  9    Dex: 10    Spells: 0 memorised, 4 levels left

rFire  . . .     SeeInvis .     p - +2 scimitar (holy)
rCold  . . .     Clarity  .     t - +2 ring mail
rNeg   . . .     SustAb   .     c - +0 shield
rPois  .         Gourm    .     (no helmet)
rElec  .         Spirit   .     q - +0 cloak
rCorr  .         Warding  .     (no gloves)
rMut   .         NoTele   +     r - +0 pair of boots
MR     .....                    (no amulet)
Stlth  ..........               (no ring)
                                (no ring)

@: mighty, very slightly contaminated, hasted, very quick, not resistant to
hostile enchantments, extremely unstealthy
A: no striking features
a: Renounce Religion


You were in the Dungeon.
You worshipped Makhleb.
Makhleb was noncommittal.
You were not hungry.

You visited 1 branch

Inventory:

Hand weapons
 p - a +2 scimitar of holy wrath (weapon)
Armour
 c - a +0 shield (worn)
 q - a +0 cloak (worn)
 r - a +0 pair of boots (worn)
 t - a +2 ring mail (worn)
Jewellery
 s - a +3 ring of dexterity
 u - a +2 ring of protection
Magical devices
 o - a wand of cold (7)
Scrolls
 k - 2 scrolls of blinking
 m - 3 scrolls of remove curse
 n - 2 scrolls of amnesia
Potions
 f - 4 potions of curing
 g - a potion of heal wounds
 i - 4 potions of magic
 j - a potion of berserk rage
 l - a potion of invisibility
Comestibles
 d - a meat ration


   Skills:
 + Level 7.9 Fighting
 * Level 9.3 Long Blades
 - Level 3.2 Armour
 - Level 3.2 Shields


You had 4 spell levels left.
You didn't know any spells.

Dungeon Overview and Level Annotations

Branches:
Dungeon (1/1)

Altars:
Cheibriados
Dithmenos
Elyvilon
Fedhas
Gozag
Kikubaaqudgha
Makhleb
Nemelex Xobeh
Okawaru
Qazlal
Ru
Sif Muna
Trog
Vehumet
Xom
Yredelemnul
Zin
The Shining One
Beogh
Jiyva
Lugonu


Message History

Drink which item? (? for menu, Esc to quit)
You feel very mighty all of a sudden. Something hits you but does no damage.
You barely miss something. Something hits you.
You closely miss something. You block its attack.
You hit something. You block its attack.
You miss something. Something hits you. Something hits you but does no damage.
You barely miss something. Something hits you!
* * * LOW HITPOINT WARNING * * *
Something hits you but does no damage.
You hit something. You slice something!! Something hits you but does no damage.
You block its attack.
You miss something. Something hits you.
* * * LOW HITPOINT WARNING * * *
Something hits you but does no damage.
You miss something. Something hits you!
* * * LOW HITPOINT WARNING * * *
You closely miss something. Something hits you!
You die...

▓+▓
▓.▓
▓a▓
▓h▓
▓S▓
▓Y▓
▓.▓
▓@▓
▓)▓
▓.▓
▓.▓
▓.▓
▓.▓
▓)▓
▓|▓
▓.▓


You could see an ice beast, a hound, a worker ant and an adder.

Vanquished Creatures
  A yak (D)
  A bat skeleton (D)
  A goblin (D)
  2 hobgoblins (D)
  2 giant geckos (D)
  A giant gecko skeleton (D)
  3 rats (D)
11 creatures vanquished.

Notes
Turn   | Place    | Note
--------------------------------------------------------------
     0 | D        | Monkaria, the Hill Orc Fighter, began the quest for the Orb.
     0 | D        | Reached XP level 1. HP: 19/19 MP: 1/1
    10 | D        | Reached skill level 4 in Fighting
    34 | D        | Reached XP level 2. HP: 25/28 MP: 2/2
    55 | D        | Found a glowing silver altar of Zin.
    55 | D        | Found a glowing golden altar of the Shining One.
    55 | D        | Found an ancient bone altar of Kikubaaqudgha.
    55 | D        | Found a basalt altar of Yredelemnul.
    55 | D        | Found a shimmering altar of Xom.
    55 | D        | Found a radiant altar of Vehumet.
    55 | D        | Found an iron altar of Okawaru.
    56 | D        | Found a burning altar of Makhleb.
    57 | D        | Found a deep blue altar of Sif Muna.
    58 | D        | Found a bloodstained altar of Trog.
    59 | D        | Found a sparkling altar of Nemelex Xobeh.
    60 | D        | Found a white marble altar of Elyvilon.
    61 | D        | Found a roughly hewn altar of Beogh.
    62 | D        | Found a viscous altar of Jiyva.
    63 | D        | Found a corrupted altar of Lugonu.
    64 | D        | Found a blossoming altar of Fedhas.
    65 | D        | Found a snail-covered altar of Cheibriados.
    66 | D        | Found a shadowy altar of Dithmenos.
    67 | D        | Found a stormy altar of Qazlal.
    71 | D        | Became a worshipper of Makhleb the Destroyer
    75 | D        | Found an opulent altar of Gozag.
    76 | D        | Found a sacrificial altar of Ru.
   154 | D        | Noticed a worker ant
   154 | D        | Noticed a hound
   154 | D        | Noticed an ice beast
   154 | D        | Noticed a yak
   162 | D        | Killed a yak
   162 | D        | Reached skill level 7 in Fighting
   162 | D        | Reached skill level 9 in Long Blades
   162 | D        | Reached XP level 3. HP: 32/40 MP: 3/3
   162 | D        | Reached XP level 4. HP: 38/48 MP: 4/4
   162 | D        | Reached XP level 5. HP: 41/53 MP: 5/5
   187 | D        | Slain by an unseen horror

Action                   |  1- 3 |  4- 6 || total
-------------------------+-------+-------++-------
Melee: Long sword        |    37 |       ||    37
       Scimitar          |     6 |    21 ||    27
  Use: Potion            |     2 |     3 ||     5
